 Dungeon Crawl Stone Soup version 0.27.1-33-g824d729ab1 (webtiles) character file.

Game seed: 12737593899648489758

4186 pkoi the Grappler (level 10, -1/77 HPs)
             Began as a Yellow Draconian Fighter on Dec 7, 2021.
             Was a High Priest of Okawaru.
             Slain by a five-headed hydra (10 damage)
             ... on level 8 of the Dungeon.
             The game lasted 00:16:55 (8979 turns).

pkoi the Grappler (Yellow Draconian Fighter)        Turns: 8979, Time: 00:16:56

Health: -1/77      AC:  7    Str: 19    XL:     10   Next: 8%
Magic:  13/13      EV: 12    Int: 11    God:    Okawaru [*****.]
Gold:   362        SH:  0    Dex: 11    Spells: 3/13 levels left

rFire    + . .     SeeInvis .     - Unarmed
rCold    . . .     Faith    .   (no shield)
rNeg     . . .     Spirit   .   (armour unavailable)
rPois    .         Reflect  .   (helmet restricted)
rElec    .         Harm     .   y - scarf {repulsion}
rCorr    +         Rampage  .   (no gloves)
Will     .....                  (no boots)
Stlth    +.........             j - amulet of regeneration
HPRegen  1.22/turn              o - +4 ring of slaying
MPRegen  0.13/turn              z - ring of Mistrust {Wiz rF+ rCorr}

@: short of breath, repel missiles
A: spit acid, AC +7, unfitting armour, cold-blooded, acid resistance
a: Breathe Acid, Renounce Religion, Heroism, Finesse


You were on level 8 of the Dungeon.
You worshipped Okawaru.
Okawaru was extremely pleased with you.
You visited 2 branches of the dungeon, and saw 9 of its levels.

You collected 506 gold pieces.
You spent 144 gold pieces at shops.

Inventory:

Hand Weapons
 s - a +3 short sword of venom
 G - a +0 hand crossbow
Missiles
 i - 47 poisoned darts (quivered)
 D - 8 datura-tipped darts
 H - 35 bolts
Armour
 a - a +0 kite shield
 k - a scarf of resistance
 y - a scarf of repulsion (worn)
Jewellery
 j - an amulet of regeneration (around neck)
 o - a +4 ring of slaying (left hand)
 t - a ring of fire
 z - the ring of Mistrust (right hand) {Wiz rF+ rCorr}
   (You found it on level 5 of the Dungeon)

   [ring of wizardry]

   It improves your spell success rate.
   rF:        It protects you from fire.
   rCorr:     It protects you from acid and corrosion.
 B - a ring of willpower
Wands
 q - a wand of polymorph (2)
 r - a wand of flame (6)
 w - a wand of iceblast (19)
Scrolls
 e - a scroll of amnesia
 g - 2 scrolls of identify
 m - 2 scrolls of holy word
 x - a scroll of silence
 E - 2 scrolls of teleportation
Potions
 b - 2 potions of might
 c - 3 potions of flight {unknown}
 d - 4 potions of curing {unknown}
 f - 2 potions of haste {unknown}
 h - a potion of mutation
 l - 5 potions of attraction {unknown}
 u - a potion of ambrosia {unknown}
 v - 2 potions of heal wounds {unknown}


   Skills:
 - Level 3.2 Fighting
 - Level 2.6 Dodging
 - Level 3.0 Shields
 + Level 11.7 Unarmed Combat
 + Level 2.1 Spellcasting
 + Level 5.4 Translocations
 + Level 5.1 Air Magic
 - Level 2.7 Invocations


You had 3 spell levels left.
You knew the following spells:

 Your Spells              Type           Power      Damage    Failure   Level
a - Blink                 Tloc           N/A        N/A       1%          2
b - Swiftness             Air            12%        N/A       4%          3
c - Apportation           Tloc           26%        N/A       1%          1
d - Airstrike             Air            6%         N/A       14%         4

Your spell library contained the following spells:

 Spells                   Type           Power      Damage    Failure   Level
 Shock                    Conj/Air       24%        1d4       4%          1
 Lesser Beckoning         Tloc           6%         N/A       4%          3
 Manifold Assault         Tloc           13%        N/A       32%         5
 Summon Ice Beast         Ice/Summ       1%         N/A       71%         4
 Alistair's Intoxication  Tmut/Pois      0%         N/A       95%         5
 Summon Mana Viper        Hex/Summ       1%         N/A       95%         5
 Invisibility             Hex            0%         N/A       100%        6
 Monstrous Menagerie      Summ           0%         N/A       100%        7
 Storm Form               Tmut/Air       3%         N/A       100%        7


Dungeon Overview and Level Annotations

Branches:
Dungeon (8/15)             Temple (1/1) D:4            Lair (0/6) D:8

Altars:
Ashenzari
Cheibriados
Dithmenos
Elyvilon
Fedhas
Gozag
Kikubaaqudgha
Makhleb
Okawaru
Ru
Trog
Uskayaw
Vehumet
Wu Jian
Xom
Yredelemnul
Zin
The Shining One

Shops:
D:1 [

Annotations:
D:6 2 transporters
D:7 exclusion: statue


Innate Abilities, Weirdness & Mutations

You can spit globs of acid.
Your golden yellow scales are hard. (AC +7)
You cannot fit into any form of body armour.
You are cold-blooded and may be slowed by cold attacks.
You are resistant to acid. (rCorr)


Message History

Aim: a five-headed hydra (lightly wounded)
The mass of ice explodes!
The iceblast engulfs the five-headed hydra!
The five-headed hydra is moderately wounded.
Aiming: Iceblast
Press: ? - help, Shift-Dir - straight line, f/p - five-headed hydra
Aim: a five-headed hydra (moderately wounded)
The mass of ice explodes!
The iceblast engulfs the five-headed hydra!
The five-headed hydra is moderately wounded.
Press: ? - help, Shift-Dir - straight line, f/p - five-headed hydra
Aim: a five-headed hydra (moderately wounded)
You spit a glob of acid.
The glob of acid hits the five-headed hydra!
The five-headed hydra is splashed with acid.
The five-headed hydra is heavily wounded.
Unknown command.
You hit the five-headed hydra.
The five-headed hydra is severely wounded.
The five-headed hydra bites you! The five-headed hydra bites you.
The five-headed hydra bites you but does no damage.
The five-headed hydra closely misses you.
The five-headed hydra bites you but does no damage.
You punch the five-headed hydra!
The five-headed hydra is almost dead.
The five-headed hydra bites you! x2; The five-headed hydra bites you.
* * * LOW HITPOINT WARNING * * *
The five-headed hydra closely misses you.
The five-headed hydra bites you!
* * * LOW HITPOINT WARNING * * *
You punch the five-headed hydra!
The five-headed hydra is almost dead.
The five-headed hydra bites you but does no damage.
The five-headed hydra bites you!
* * * LOW HITPOINT WARNING * * *
The five-headed hydra bites you but does no damage.
The five-headed hydra bites you!
* * * LOW HITPOINT WARNING * * *
The five-headed hydra bites you!
You die...

###.........# #..# #.#
#........#### #..# #.#
#.......)#######..# ##.#
.........).....#..# #..#
........)).....#..# #.##
...............#..# #.#
################..# #.#
,,,,,,,,,.....,#..# ##.#
,,*,,,*,,.#...##@.# #..#
,,,,,,,,,.......D.#####.######*
,,*,,,*,,.#...#...#........^..#*
,,,,,,,,,......#..#...........$*
*********#######..#..#######...*
*>,,,,**........#..#******,..*
*****,**.######.#..#*,,,,,,,,*
*,**,* #.#..#*,,,,,,,,* *,,,,*
#.o..#*,,,,P,,,*


You could see a five-headed hydra.

Vanquished Creatures
  A two-headed ogre (D:8)
  Sigmund (D:4)
  2 steam dragons
  Duvessa (D:5)
  A water moccasin (D:8)
  An ice beast (D:7)
  A sky beast (D:7)
  2 orc warriors
  6 centaurs
  3 kobold brigands (D:8)
  Blork the orc (D:5)
  3 bullfrogs
  A gnoll sergeant (D:8)
  4 scorpions
  Dowan (D:5)
  A water moccasin skeleton (D:5)
  5 killer bees (D:8)
  2 howler monkeys
  A wight (D:7)
  3 centaur zombies
  A bullfrog zombie (D:6)
  A jelly (D:5)
  2 hounds (D:5)
  A bullfrog skeleton (D:5)
  2 orc priests
  2 gnoll shamans
  Ijyb (D:5)
  3 iguanas
  2 orc wizards (D:5)
  A killer bee zombie (D:5)
  13 gnolls
  10 adders
  2 shadow imps
  An ufetubus (D:2)
  A worm (D:2)
  2 dart slugs
  24 orcs
  3 ball pythons
  8 endoplasms
  A giant cockroach (D:3)
  6 hobgoblins
  3 jackals (D:4)
  3 quokkas
  5 bats
  3 frilled lizards
  6 goblins
  13 kobolds
  5 rats
166 creatures vanquished.

Vanquished Creatures (others)
  4 plants (D:8)
4 creatures vanquished.

Grand Total: 170 creatures vanquished

Notes
Turn   | Place    | Note
-------+----------+-------------------------------------------
     0 | D:1      | pkoi the Draconian Fighter began the quest for the Orb.
     0 | D:1      | Reached XP level 1. HP: 19/19 MP: 1/1
   234 | D:1      | Found Mitwoac's Armour Boutique.
   250 | D:1      | Reached XP level 2. HP: 26/26 MP: 2/2
   352 | D:1      | Found a faded altar of an unknown god.
   442 | D:1      | Reached skill level 3 in Unarmed Combat
   869 | D:2      | Reached XP level 3. HP: 10/31 MP: 3/3
  1182 | D:2      | Found an iron altar of Okawaru.
  1188 | D:2      | Became a worshipper of Warmaster Okawaru
  2079 | D:3      | Reached skill level 4 in Unarmed Combat
  2295 | D:3      | Reached XP level 4. HP: 27/38 MP: 4/4
  3049 | D:3      | Reached skill level 5 in Unarmed Combat
  3072 | D:3      | Reached XP level 5. HP: 44/45 MP: 5/5
  3577 | D:4      | Found a staircase to the Ecumenical Temple.
  3588 | Temple   | Entered the Ecumenical Temple
  4094 | D:4      | Reached skill level 1 in Invocations
  4097 | D:4      | Reached * piety under Okawaru
  4098 | D:4      | Reached skill level 6 in Unarmed Combat
  4158 | D:4      | Reached XP level 6. HP: 51/51 MP: 7/7
  4179 | D:4      | Found a sacrificial altar of Ru.
  4180 | D:4      | Found a shimmering altar of Xom.
  4190 | D:4      | Found the +7 mace of Variability {chain chaos}
  4312 | D:5      | Entered Level 5 of the Dungeon
  4423 | D:5      | HP: 2/51 [killer bee zombie (5)]
  4577 | D:5      | Noticed Blork the orc
  4591 | D:5      | Reached skill level 7 in Unarmed Combat
  4608 | D:5      | Killed Blork the orc
  4609 | D:5      | Your scales start taking on a golden yellow colour.
  4609 | D:5      | Reached XP level 7. HP: 57/57 MP: 6/9
  4609 | D:5      | Gained mutation: You are resistant to acid. (rCorr) [Yellow
                  | Draconian growth]
  4642 | D:5      | Noticed Duvessa
  4643 | D:5      | Noticed Dowan
  4661 | D:5      | Killed Duvessa
  4661 | D:5      | Reached ** piety under Okawaru
  4662 | D:5      | Reached skill level 8 in Unarmed Combat
  4666 | D:5      | Killed Dowan
  5003 | D:5      | Noticed Ijyb
  5011 | D:5      | Killed Ijyb
  5093 | D:5      | Found an ancient bone altar of Kikubaaqudgha.
  5165 | D:5      | Noticed Sigmund
  5423 | D:6      | Found a transporter.
  5469 | D:6      | Noticed a kobold demonologist
  5474 | D:6      | Found a transporter.
  5508 | D:6      | Found a broken altar of Ashenzari.
  5627 | D:6      | Reached skill level 9 in Unarmed Combat
  5644 | D:6      | Reached XP level 8. HP: 63/63 MP: 10/10
  6018 | D:1      | Bought a scarf of repulsion for 144 gold pieces
  6113 | D:4      | Killed Sigmund
  6200 | D:5      | Identified the ring of Mistrust {Wiz rF+ rCorr}
  6431 | D:6      | Reached skill level 10 in Unarmed Combat
  6444 | D:6      | Identified the +2 robe of Autumn {Dex+3}
  6800 | D:7      | Found an iron altar of Okawaru.
  6863 | D:7      | Learned a level 2 spell: Blink
  6922 | D:7      | Reached *** piety under Okawaru
  7015 | D:7      | Reached skill level 1 in Translocations
  7098 | D:7      | Learned a level 3 spell: Swiftness
  7132 | D:7      | Reached skill level 1 in Spellcasting
  7137 | D:7      | Reached skill level 1 in Air Magic
  7353 | D:7      | Reached XP level 9. HP: 70/70 MP: 10/12
  7433 | D:7      | Found an ornate altar of the Wu Jian Council.
  7659 | D:7      | Found a radiant altar of Vehumet.
  7860 | D:8      | Found a blossoming altar of Fedhas.
  7899 | D:8      | Reached skill level 11 in Unarmed Combat
  7946 | D:8      | Noticed a two-headed ogre
  7957 | D:8      | Killed a two-headed ogre
  7957 | D:8      | Reached **** piety under Okawaru
  8131 | D:8      | Found a burning altar of Makhleb.
  8131 | D:8      | Noticed a five-headed hydra
  8349 | D:8      | Reached ***** piety under Okawaru
  8350 | D:8      | Reached skill level 5 in Translocations
  8391 | D:8      | Found a staircase to the Lair.
  8475 | D:8      | Reached skill level 5 in Air Magic
  8475 | D:8      | Reached XP level 10. HP: 59/77 MP: 13/13
  8712 | D:8      | Learned a level 1 spell: Apportation
  8717 | D:8      | Learned a level 4 spell: Airstrike
  8979 | D:8      | Slain by a five-headed hydra

Illustrated notes

Levels and vault maps discovered:
D:1:      psy_arrival_spokes, layout_basic, chequers_ecumenical_altar_island,
          serial_shops, shop
D:2:      layout_loops_cross, basic_altar, minmay_pentomino_pile
D:3:      layout_basic
D:4:      layout_rooms, chequers_temple_overflow_statue_of_worship,
          minmay_temple_entry_junction
D:5:      layout_gridville, kiku_gazebo_pond_becter,
          chequers_hall_statues_wall_a, sigmund_army, uniq_duvessa,
          uniq_blork_the_orc, uniq_ijyb
D:6:      gammafunk_wand_slinger, layout_gridville, nicolae_ashenzari_skybound,
          item_on_display_a
D:7:      layout_basic, mainiacjoe_overflow_alcove_2, vehumet_statue,
          mainiacjoe_overflow_tiny_flanked, minmay_misc_feat_doors,
          minmay_quadrilaterals
D:8:      layout_basic, lemuel_coloured_pillars_altar, fedhas_altar_1,
          mainiacjoe_overflow_chevrons, lair_entry_dummy, minmay_alternating_orb
Temple:   jpeg_temple_island

Skill      XL: |  1  2  3  4  5  6  7  8  9 |
---------------+----------------------------+-----
Unarmed Combat | 3 4 5 6 7 9 10 11 | 11.7
Invocations    | 2 |  2.7
Translocations | 2 5 |  5.4
Spellcasting   | 2 |  2.1
Air Magic      | 1 5 |  5.1
Fighting       | |  3.2
Dodging        | |  2.6
Shields        | |  3.0

Action                   |  1- 3 |  4- 6 |  7- 9 | 10-12 || total
-------------------------+-------+-------+-------+-------++-------
Melee: Unarmed           |   108 |   174 |   258 |    32 ||   572
       Tailslap          |    11 |    22 |    45 |     2 ||    80
       Punch             |     1 |     5 |    15 |       ||    21
Invok: Heroism           |       |     2 |     2 |       ||     4
 Abil: Breathe Acid      |       |       |     8 |     1 ||     9
Evoke: Wand              |       |       |       |     3 ||     3
  Use: Scroll            |       |       |    12 |       ||    12
 Stab: Sleeping          |     1 |       |     1 |       ||     2
Armor: Skin              |    26 |    46 |    80 |    12 ||   164
Dodge: Dodged            |    69 |    99 |   176 |    31 ||   375
       Repelled          |       |       |     1 |       ||     1
